AoeStats
← mryendl2410

Arena

510108781Analyzed
4v4 RM · 2d ago on Sep 29, 2026· 40m 11s· 8 players
Game mode
Random Map
Map size
Large (8 player)
Population
200
Speed
Normal
Resources
Standard
Victory
Conquest
Starting age
Dark Age
Ending age
Imperial Age
RankedLock teamsTeams togetherTeam positionsShared explorationLock speedFull tech treeHidden civsTurbo modeCheats
Victory
Defeat
🇺🇸 Hindustanis · United States
1460
+14
🇬🇧 Persians · United Kingdom
1382
+17
🇻🇳 Italians · Vietnam
1356
+18
🇻🇳 Lithuanians · Vietnam
1347
+18
🇹🇼 Danes · Taiwan
1456
-19
🇪🇸 Aztecs · Spain
1407
-17
1401
-17
🇹🇼 Italians · Taiwan
1346
-14
あおぞら ひかり
11:07 Feudal Age
12:45 Double-Bit Axe
15:28 Castle Age
13:38 Horse Collar
17:20 Bow Saw
19:10 Loom
21:50 Fletching
22:02 Padded Archer Armor
24:46 Bodkin Arrow
29:45 Town Watch
30:36 Wheelbarrow
32:39 Gold Mining
32:41 Stone Mining
40:05 Imperial Age
40:12 Ballistics
40:32 Gold Shaft Mining
VaultBoy
11:00 Feudal Age
14:56 Castle Age
13:01 Double-Bit Axe
13:26 Horse Collar
16:04 Bow Saw
16:20 Heavy Plow
21:11 Fervor
22:21 Wheelbarrow
23:24 Hand Cart
24:20 Loom
24:53 Gold Mining
24:53 Stone Mining
28:52 Imperial Age
27:18 Scale Mail Armor
27:29 Forging
26:46 Eagle Warrior
27:26 Squires
27:12 Gambesons
28:31 Chain Mail Armor
28:55 Elite Eagle Warrior
29:59 Conscription
30:27 Plate Mail Armor
31:03 Iron Casting
30:19 Arson
32:18 Garland Wars
31:41 Pikeman
32:33 Capped Ram
35:26 Siege Ram
38:10 Fletching
39:20 Blast Furnace
Marchantia
10:44 Feudal Age
12:53 Double-Bit Axe
15:12 Castle Age
13:00 Horse Collar
16:23 Scale Mail Armor
16:34 Forging
16:35 Squires
16:21 Arson
18:00 Wheelbarrow
21:49 Chain Mail Armor
24:05 Iron Casting
23:45 Gold Mining
25:18 Stone Mining
33:02 Pikeman
37:13 Imperial Age
37:25 Halberdier
37:39 Onager
39:02 Plate Mail Armor
39:32 Blast Furnace
slamdunk1024
10:10 Feudal Age
14:03 Castle Age
12:16 Double-Bit Axe
12:59 Horse Collar
13:42 Loom
16:05 Town Watch
16:23 Fletching
19:07 Man-at-Arms
20:46 Long Swordsman
23:31 Scale Mail Armor
24:14 Squires
25:02 Chain Mail Armor
25:03 Forging
28:49 Chain Mail Armor
28:47 Pikeman
30:58 Iron Casting
35:25 Imperial Age
35:15 Gold Mining
36:46 Plate Mail Armor
37:39 Blast Furnace
GutFeeling
11:55 Feudal Age
15:24 Castle Age
13:16 Double-Bit Axe
13:13 Horse Collar
15:23 Loom
16:23 Bow Saw
17:38 Loom
17:57 Scale Mail Armor
20:48 Forging
22:59 Wheelbarrow
27:02 Imperial Age
25:01 Gold Mining
25:55 Chain Mail Armor
26:13 Hand Cart
27:40 Iron Casting
27:10 Fletching
27:53 Bodkin Arrow
30:01 Chemistry
30:05 Bracer
30:44 Ballistics
32:50 Town Watch
34:50 Padded Archer Armor
36:36 Conscription
37:07 Gold Shaft Mining
36:23 Stone Mining
37:02 Leather Archer Armor
38:33 Blast Furnace
38:05 Shatagni
39:38 Ring Archer Armor
Sladman
10:16 Feudal Age
14:25 Castle Age
12:52 Double-Bit Axe
18:49 Horse Collar
20:59 Wheelbarrow
23:06 Heavy Plow
23:04 Gold Mining
23:24 Stone Mining
24:24 Bow Saw
25:30 Scale Barding Armor
26:00 Bloodlines
26:33 Fletching
28:14 Chain Barding Armor
28:06 Forging
32:21 Iron Casting
32:56 Gold Shaft Mining
34:52 Hand Cart
38:06 Imperial Age
37:09 Husbandry
37:36 Bodkin Arrow
37:54 Elite War Elephant
39:25 Plate Barding Armor
41:17 Blast Furnace
piecardinap
12:20 Feudal Age
12:58 Horse Collar
15:54 Castle Age
15:08 Gold Mining
19:16 Wheelbarrow
19:56 Stone Mining
19:57 Double-Bit Axe
23:29 Scale Barding Armor
23:59 Bow Saw
26:44 Chain Barding Armor
30:07 Imperial Age
27:34 Loom
28:47 Bloodlines
27:57 Light Cavalry
29:10 Forging
29:50 Hand Cart
30:37 Cavalier
34:07 Two-Man Saw
33:09 Heavy Plow
33:01 Stone Mining
33:51 Paladin
34:32 Husbandry
36:04 Plate Barding Armor
36:04 Iron Casting
39:16 Town Watch
40:37 Stone Shaft Mining
39:30 Winged Hussar
mryendl2410
12:16 Feudal Age
13:23 Loom
16:00 Castle Age
13:47 Double-Bit Axe
14:26 Horse Collar
14:54 Gold Mining
21:05 Imperial Age
19:43 Fletching
20:34 Bodkin Arrow
26:56 Bracer
29:18 Padded Archer Armor
34:17 Ballistics
34:20 Leather Archer Armor
35:02 Wheelbarrow
35:55 Chemistry
36:36 Ring Archer Armor
38:12 Elite Genoese Crossbowman
Connection lost

Rejoining the realm…

Still unreachable

The connection could not be restored.

Session expired

The server has moved on; the page needs a fresh start.